 Dungeon Crawl Stone Soup version 0.24.0-123-gd5b16e6ec5 (webtiles) character file.

Game seed: 14475777050710089268, levelgen mode: deterministic

281 Peloso the Covered (level 6, 0/55 HPs)
             Began as a Minotaur Fighter on Jan 15, 2020.
             Slain by a bullfrog (1 damage)
             ... on level 4 of the Dungeon.
             The game lasted 00:04:40 (2521 turns).

Peloso the Covered (Minotaur Fighter)               Turns: 2521, Time: 00:04:41

Health: 0/55       AC: 10    Str: 21    XL:     6   Next: 6%
Magic:  5/5        EV:  4    Int:  5    God:
Gold:   86         SH: 10    Dex: 11    Spells: 5/5 levels left

rFire    . . .     SeeInvis .   a - +0 long sword
rCold    . . .     Gourm    .   c - +0 shield
rNeg     . . .     Faith    .   k - -2 plate armour (curse)
rPois    .         Spirit   .   (helmet restricted)
rElec    .         Reflect  .   (no cloak)
rCorr    .         Harm     .   (no gloves)
MR       .....                  (no boots)
Stlth    ..........             (no amulet)
HPRegen  0.18/turn              (no ring)
MPRegen  0.09/turn              (no ring)

@: no status effects
A: retaliatory headbutt, horns 2
a: no special abilities


You were on level 4 of the Dungeon.
You were not hungry.

You visited 1 branch of the dungeon, and saw 4 of its levels.

You collected 86 gold pieces.

Inventory:

Hand Weapons
 a - a +0 long sword (weapon)
Armour
 b - a +0 scale mail
 c - a +0 shield (worn)
 k - a cursed -2 plate armour (worn)
Scrolls
 e - 5 scrolls of identify {unknown}
 g - a scroll of noise {unknown}
 h - a scroll of magic mapping {unknown}
 i - a scroll of teleportation {unknown}
 j - 3 scrolls of blinking {unknown}
 l - a scroll of random uselessness {unknown}
 n - a scroll of remove curse {unknown}
Comestibles
 f - 5 rations


   Skills:
 + Level 4.9 Fighting
 + Level 4.2 Long Blades
 + Level 5.2 Armour
 + Level 1.3 Dodging
 + Level 0.1 Stealth
 + Level 4.9 Shields


You had 5 spell levels left.
You didn't know any spells.
Your spell library was empty.

Dungeon Overview and Level Annotations

Branches:
Dungeon (4/15)
 Temple: D:4-7

Altars:
Fedhas
Hepliaklqana
Zin

Annotations:
D:4 3 runed translucent doors, Gruesph's ghost, amateur DsAr


Innate Abilities, Weirdness & Mutations

You reflexively headbutt those who attack you in melee.
You have a pair of horns on your head.


Message History

The bullfrog hits you.
* * * LOW HITPOINT WARNING * * *
You barely miss the bullfrog.
The bullfrog is lightly wounded.
The bullfrog hits you.
* * * LOW HITPOINT WARNING * * *
The bullfrog hits you.
* * * LOW HITPOINT WARNING * * *
You hit the bullfrog but do no damage.
The bullfrog is lightly wounded.
The bullfrog hits you.
* * * LOW HITPOINT WARNING * * *
The bullfrog hits you.
* * * LOW HITPOINT WARNING * * *
Your shield and plate armour prevent you from hitting the bullfrog.
You headbutt the bullfrog!
The bullfrog is severely wounded.
The bullfrog hits you but does no damage.
The bullfrog hits you.
You die...

# #....♣..#.#...... ...#
#..(....###...... .....
#.....((#.##..##. .....
#.(.(...#.###.##.
....###########..##....
#....####.##..........
#......##.#........#..
#......†#......##.###[
#...F@%†..#..>.....###
#.....††.##.........#
#........##.......#..#
..........##.#.##.^......
....................#....
....###.............#. ..
.##. #.....#..... .. .
.#..####.... ..##.. ....


You could see a bullfrog.

Vanquished Creatures
  A howler monkey (D:4)
  A hound (D:4)
  An orc priest (D:3)
  Natasha (twice) (D:3)
  3 gnolls (D:3)
  3 adders
  3 worms
  2 dart slugs
  2 leopard geckos
  2 orcs
  A ball python (D:3)
  2 bats (D:1)
  5 giant cockroaches
  2 hobgoblins
  11 jackals
  7 kobolds
  A quokka (D:4)
  2 frilled lizards (D:2)
  5 goblins
  A quokka skeleton (D:4)
  6 rats
63 creatures vanquished.

Vanquished Creatures (others)
  3 plants (D:3)
3 creatures vanquished.

Grand Total: 66 creatures vanquished

Notes
Turn   | Place    | Note
-------+----------+-------------------------------------------
     0 | D:1      | Peloso the Minotaur Fighter began the quest for the Orb.
     0 | D:1      | Reached XP level 1. HP: 19/19 MP: 0/0
   119 | D:1      | Reached XP level 2. HP: 27/27 MP: 1/1
   263 | D:1      | Reached skill level 4 in Armour
   774 | D:2      | Reached XP level 3. HP: 21/33 MP: 2/2
   954 | D:2      | Found a glowing silver altar of Zin.
   955 | D:2      | Found a hazy altar of Hepliaklqana.
   956 | D:2      | Found a blossoming altar of Fedhas.
  1436 | D:2      | Reached XP level 4. HP: 37/41 MP: 3/3
  1919 | D:3      | Noticed Natasha
  1945 | D:3      | Killed Natasha
  2112 | D:3      | Noticed Natasha
  2143 | D:3      | Reached skill level 1 in Dodging
  2151 | D:3      | Reached XP level 5. HP: 15/47 MP: 4/4
  2154 | D:3      | Killed Natasha
  2157 | D:3      | Reached skill level 5 in Armour
  2414 | D:4      | Found a runed translucent gate.
  2414 | D:4      | Found a runed translucent gate.
  2414 | D:4      | Found a runed translucent gate.
  2415 | D:4      | Noticed Gruesph's ghost (amateur DsAr)
  2506 | D:4      | Reached XP level 6. HP: 27/55 MP: 5/5
  2520 | D:4      | HP: 1/55 [bullfrog (2)]
  2521 | D:4      | Slain by a bullfrog

Levels and vault maps discovered:
D:1:      moated_graveyard_arrival, layout_basic
D:2:      layout_basic, gammafunk_temple_overflow_forgotten, first_ration
D:3:      layout_basic, chequers_big_river, minmay_misc_feat_pillars,
          uniq_natasha
D:4:      layout_cave_pools, ebering_ghost_rock_garden

Skill      XL: |  1  2  3  4  5 |
---------------+----------------+-----
Fighting       | 4 |  4.9
Shields        | 4 |  4.9
Armour         | 4 5 |  5.2
Long Blades    | 3 4 |  4.2
Dodging        | 1 |  1.3
Stealth        | |  0.1

Action                   |  1- 3 |  4- 6 || total
-------------------------+-------+-------++-------
Melee: Long sword        |    89 |    86 ||   175
       Headbutt          |    14 |    16 ||    30
  Use: Potion            |     4 |     1 ||     5
  Eat: Chunk             |     2 |     3 ||     5
Armor: Scale mail        |    35 |       ||    35
       Plate armour      |     3 |    68 ||    71
Dodge: Dodged            |    32 |    19 ||    51
Block: Shield            |    41 |    49 ||    90
       Rpst.: Long sword |     9 |     6 ||    15
